 Dungeon Crawl Stone Soup version 0.29.1-4-g47bece8355 (webtiles) character file.

Game seed: 1464803129750619280

30 ChrisAssaf the Firebug (level 3, 0/28 HPs)
             Began as a Naga Fire Elementalist on Dec 8, 2022.
             Slain by a worm (9 damage)
             ... on level 2 of the Dungeon.
             The game lasted 00:03:00 (793 turns).

ChrisAssaf the Firebug (Naga Fire Elementalist)      Turns: 793, Time: 00:03:00

Health: 0/28       AC:  2    Str: 10    XL:     3   Next: 20%
Magic:  0/6        EV: 10    Int: 17    God:
Gold:   21         SH:  0    Dex: 11    Spells: 3/6 levels left

rFire   . . .      SeeInvis +   (no weapon)
rCold   . . .      Faith    .   (no shield)
rNeg    . . .      Spirit   .   a - +0 robe
rPois   +          Reflect  .   (no helmet)
rElec   .          Harm     .   (no cloak)
rCorr   .          Rampage  .   (no gloves)
Will    .....                   (no barding)
Stlth   ++........              (no amulet)
HPRegen 0.09/turn               (no ring)
MPRegen 0.10/turn               (no ring)

@: short of breath, very slightly contaminated, very slow
A: AC +1, large, see invisible, deformed body, poison resistance, slowness 2,
spit poison 1, naga tail 1
a: Spit Poison


You were on level 2 of the Dungeon.
You visited 1 branch of the dungeon, and saw 2 of its levels.

You collected 21 gold pieces.

Inventory:

Missiles
 g - 3 silver boomerangs
Armour
 a - a +0 robe (worn)
Scrolls
 f - 2 scrolls of identify {unknown}
Potions
 b - a potion of magic
 c - 2 potions of flight {unknown}
 d - a potion of haste {unknown}
 e - a potion of mutation {unknown}


   Skills:
 * Level 0.2 Throwing
 * Level 0.5 Armour
 * Level 1.7 Dodging
 * Level 3.1 Stealth
 * Level 2.3 Spellcasting
 * Level 1.0 Conjurations
 * Level 3.5 Fire Magic


You had 3 spell levels left.
You knew the following spells:

 Your Spells              Type           Power      Damage    Failure   Level
a - Foxfire               Conj/Fire      36%        2x1d5     7%          1
b - Scorch                Fire           28%        2d6       7%          2

Your spell library contained the following spells:

 Spells                   Type           Power      Damage    Failure   Level
 Conjure Flame            Conj/Fire      9%         6-21      22%         3
 Inner Flame              Hex/Fire       8%         N/A       26%         3
 Flame Wave               Conj/Fire      9%         2d6       56%         4


Dungeon Overview and Level Annotations

Branches:
Dungeon (2/15)

Altars:


Innate Abilities, Weirdness & Mutations

Your serpentine skin is tough. (AC +1)
You have supernaturally acute eyesight. (SInv)
Armour fits poorly on your strangely shaped body.
Your system is resistant to poisons. (rPois)
You cover ground very slowly.
You can spit poison.
You have a snake-like lower body.


Message History

The dart slug is lightly wounded.
The dart slug launches a dart at you. The slug dart hits you.
Casting: Scorch (safe; 7% risk of failure)
Press: ? - help, Q - select action, (/) - cycle Dir - look around, f - activate Flames lash the dart slug.
You kill the dart slug!
You see here a dart slug corpse.
You have got your breath back.
You open the door.
There is an open door here.
A worm comes into view.
You strike the helpless worm from behind!
You hit the worm but do no damage.
Aiming: Spit Poison (2% risk of failure)
Press: ? - help, Shift-Dir - straight line, f - worm
Aim: a worm (86% to hit)
The splash of poison hits the worm.
The worm is moderately wounded.
The worm bites you!
Unknown command.
Casting: Scorch (safe; 7% risk of failure)
Press: ? - help, Q - select action, (/) - cycle Dir - look around, f - activate You miscast Scorch.
You are very lightly contaminated with residual magic.
Nothing appears to happen.
The worm bites you!
Casting: Scorch (safe; 7% risk of failure)
Press: ? - help, Q - select action, (/) - cycle Dir - look around, f - activate Flames lash the worm.
The worm is moderately wounded.
The worm's fire resistance burns away.
Unknown command.
Casting: Scorch (safe; 7% risk of failure)
Press: ? - help, Q - select action, (/) - cycle Dir - look around, f - activate Flames lash the worm.
The worm is burned terribly!
The worm is almost dead.
The worm bites you. The worm bites you!
You die...

########## .........#
#.. .........# #.#
.........# #.#
..[......# #.#
.........###### #.#
..<......#....# #.#
.........#....###.#
..[......#....'.@.#
.........#....###w#
...#######....# #...
...# #....# #..... ...#
#....# #....... ...#
#....# #....... ...####
#....+ ........
......####....###.......
......#...†....#


You could see a worm (combustible).

Vanquished Creatures
  2 adders (D:2)
  A dart slug (D:2)
  A goblin (D:1)
  A hobgoblin (D:1)
  A jackal (D:1)
  2 ball pythons
  3 kobolds
  A rat (D:1)
12 creatures vanquished.

Vanquished Creatures (others)
  6 foxfires (D:1)
6 creatures vanquished.

Grand Total: 18 creatures vanquished

Notes
Turn   | Place    | Note
-------+----------+-------------------------------------------
     0 | D:1      | ChrisAssaf the Naga Fire Elementalist began the quest for
                  | the Orb.
     0 | D:1      | Reached XP level 1. HP: 15/15 MP: 3/3
   487 | D:2      | Reached XP level 2. HP: 18/22 MP: 5/5
   490 | D:2      | Learned a level 2 spell: Scorch
   703 | D:2      | Reached XP level 3. HP: 28/28 MP: 1/6
   793 | D:2      | Slain by a worm

Illustrated notes

Levels and vault maps discovered:
D:1:      sevenhm_arrival_forest_fort_large_2, layout_loops_ring,
          hellmonk_ecumenical_altar_blasted, serial_rivers,
          chequers_serial_rivers_micro_b, chequers_serial_rivers_large_a,
          chequers_serial_rivers_micro_a, chequers_serial_rivers_micro_c,
          chequers_serial_rivers_micro_b, chequers_serial_rivers_marsh
D:2:      layout_basic, st_stairs_4, uniq_crazy_yiuf_cottage

Action                   || total
-------------------------++-------
Melee: Unarmed           ||     1
 Cast: Foxfire           ||     3
       Scorch            ||     8
 Abil: Spit Poison       ||     9
 Stab: Distracted        ||     1
Armor: Robe              ||     5
Dodge: Dodged            ||    20
